 Dungeon Crawl Stone Soup version 0.31-a0-1005-gfbdfbac (webtiles) character file.

Game seed: 8955070061790338178

65 Partyfoot the Shooter (level 4, 27/27 HPs)
             Began as a Kobold Hunter on Nov 11, 2023.
             Quit the game on level 2 of the Dungeon.
             The game lasted 00:03:34 (1191 turns).

Partyfoot the Shooter (Kobold Hunter)               Turns: 1191, Time: 00:03:35

Health: 27/27      AC:  4    Str:  8    XL:     4   Next: 35%
Magic:  4/4        EV: 15    Int: 10    God:
Gold:   43         SH:  0    Dex: 20    Spells: 3/3 levels left

rFire   . . .        a - +0 shortbow
rCold   . . .        (shield currently unavailable)
rNeg    . . .        c - +0 leather armour
rPois   .            (no helmet)
rElec   .            (no cloak)
rCorr   .            (no gloves)
SInv    .            i - +0 pair of boots
Will    .....        (no amulet)
Stlth   +++          (no ring)
HPRegen 0.24/turn    (no ring)
MPRegen 0.09/turn

%: no passive effects
@: about to teleport
A: small, no large weapons, nightstalker 3
a: no special abilities


You were on level 2 of the Dungeon.
You visited 1 branch of the dungeon, and saw 2 of its levels.

You collected 43 gold pieces.

Inventory:

Hand Weapons
 a - a +0 shortbow (weapon)
Armour
 c - a +0 leather armour (worn)
 i - a +0 pair of boots (worn)
Wands
 m - a wand of quicksilver (11)
Scrolls
 b - a scroll of butterflies
 f - a scroll of identify
 n - a scroll of teleportation
Potions
 e - 2 potions of mutation {unknown}
 g - 2 potions of berserk rage
 h - 2 potions of curing {unknown}
 j - a potion of degeneration {unknown}
 k - a potion of ambrosia {unknown}


   Skills:
 + Level 2.9 Fighting
 + Level 5.9 Ranged Weapons
 + Level 3.3 Dodging
 + Level 2.9 Stealth


You had 3 spell levels left.
You didn't know any spells.
Your spell library contained the following spells:

 Spells                   Type           Power      Damage    Failure   Level
 Necrotise                Necr           0%         1d4       50%         1
 Vampiric Draining        Necr           0%         2d6       86%         3
 Agony                    Necr           0%         N/A       100%        5


Dungeon Overview and Level Annotations

Branches:
Dungeon (2/15)

Altars:


Innate Abilities, Weirdness & Mutations

You are small and have problems with some larger weapons.
You are completely attuned to the shadows.


Message History

You kill the frilled lizard!
The endoplasm hits you but does no damage.
You shoot an arrow. The arrow hits the endoplasm.
The endoplasm is heavily wounded.
The endoplasm freezes you.
You are frozen.
You shoot an arrow. The arrow hits the endoplasm.
You kill the endoplasm!
No target in view!
HP restored.
Found a whip.
Found a chain mail.
You see here a +0 whip.
A ball python comes into view.
A ball python is nearby!
You shoot an arrow.
The arrow hits the ball python but does no damage.
The ball python hisses angrily.
You shoot an arrow. The arrow hits the ball python!
You kill the ball python!
No target in view!
n - 2 scrolls labelled ECEUCU EDAI (gained 1)
You see here a ball python corpse.
h - 2 dark potions (gained 1)
A kobold comes into view. It is wielding a +0 short sword.
The air fills with toxic fumes!
As you read the scroll labelled IZIRYP WUWOGH, it crumbles to dust.
It was a scroll of poison.
The kobold shouts!
As you read the scroll labelled RODESM PERY, it crumbles to dust.
It is a scroll of identify.
g - 2 potions of berserk rage
As you read the scroll labelled QOUHYDA IN ZOUSIL, it crumbles to dust.
You assume a fearsome visage.
The kobold looks frightened!
It was a scroll of fear.
As you read the scroll labelled ECEUCU EDAI, it crumbles to dust.
You feel strangely unstable.
It was a scroll of teleportation.
Unknown command.
Unknown command.
Are you sure you want to abandon this character and quit the game? (Confirm with "yes".)

#.... ###.###
#...... #.#.###
#.#.# ## #.#.#
#####§ .## #.#.#
§§§§§# #.# #.#.#
§§§§@# #.# #.#
.###§###.# #.# #
##§...######.#.#
##§#..........#
..§§...†........
###..........####
############


There were no monsters in sight!

Vanquished Creatures
  A worm (D:2)
  2 dart slugs (D:1)
  6 endoplasms
  4 giant cockroaches
  3 hobgoblins
  13 jackals
  A quokka (D:1)
  6 ball pythons
  5 bats
  2 frilled lizards
  6 goblins
  A rat (D:1)
50 creatures vanquished.

Notes
Turn   | Place    | Note
-------+----------+-------------------------------------------
     0 | D:1      | Partyfoot the Kobold Hunter began the quest for the Orb.
     0 | D:1      | Reached XP level 1. HP: 12/12 MP: 1/1
    60 | D:1      | Reached XP level 2. HP: 18/18 MP: 2/2
   185 | D:1      | Found a faded altar of an unknown god.
   190 | D:1      | Reached XP level 3. HP: 22/22 MP: 3/3
   894 | D:2      | Reached XP level 4. HP: 27/27 MP: 4/4
  1191 | D:2      | Quit the game

Illustrated notes

Levels and vault maps discovered:
D:1:      saegor_arrival_simple_c, layout_loops_ring,
          hellmonk_ecumenical_altar_heavens_door
D:2:      layout_loops_ring

Skill      XL: |  1  2  3 |
---------------+----------+-----
Stealth        | 2 |  2.9
Dodging        | 3 |  3.3
Fighting       | |  2.9
Ranged Weapons | |  5.9

Action                     |  1- 3 |  4- 6 || total
---------------------------+-------+-------++-------
   Fire: Shortbow          |    75 |    31 ||   106
    Use: Scroll            |       |     4 ||     4
 Armour: Leather armour    |    13 |     6 ||    19
  Dodge: Dodged            |    15 |    18 ||    33

Table legend: (Time is in decaauts)
 A = Elapsed time spent in this place.
 B = Non-inter-level travel time spent in this place.
 C = Inter-level travel time spent in this place.
 D = Time resting spent in this place.
 E = Time spent auto-exploring this place.
 F = Levels seen in this place.
 G = Mean time per level.
                   A        B        C        D        E       F      G
               +--------+--------+--------+--------+--------+-----+--------+
         Total |   1209 |   1160 |     49 |      0 |    949 |   2 |  604.5 |
       Dungeon |   1209 |   1160 |     49 |      0 |    949 |   2 |  604.5 |
               +--------+--------+--------+--------+--------+-----+--------+

Top non-repeatable levels by time:
     D:1: 872 daAuts
     D:2: 336 daAuts
